 Dungeon Crawl Stone Soup version 0.28-a0-1084-ga282ea246d (webtiles) character file.

Game seed: 10865906940580520414

387 Caerun the Cudgeller (level 6, -5/57 HPs)
             Began as a Gargoyle Berserker on Dec 10, 2021.
             Was a Believer of Trog.
             Slain by an ogre (14 damage)
             ... on level 4 of the Dungeon.
             The game lasted 00:09:24 (4881 turns).

Caerun the Cudgeller (Gargoyle Berserker)           Turns: 4881, Time: 00:09:24

Health: -5/57      AC: 12    Str: 21    XL:     6   Next: 78%
Magic:  6/6        EV:  7    Int:  7    God:    Trog [**....]
Gold:   129        SH:  7    Dex: 11    Spells: 5/5 levels left

rFire   . . .      SeeInvis .   d - +2 hand axe (flame)
rCold   . . .      Faith    .   b - +0 kite shield
rNeg    + . .      Spirit   .   k - +0 scale mail
rPois   ∞          Reflect  .   (no helmet)
rElec   +          Harm     .   m - +0 cloak
rCorr   .          Rampage  .   (no gloves)
Will    .....                   (no boots)
Stlth   ..........              (no amulet)
HPRegen 0.19/turn               (no ring)
MPRegen 0.10/turn               (no ring)

@: berserking, very quick
A: sickness immunity, AC +4, negative energy resistance 1, electricity
resistance, torment resistance 1, petrification resistance
a: Renounce Religion, Berserk, Trog's Hand


You were on level 4 of the Dungeon.
You worshipped Trog.
Trog was pleased with you.
You visited 1 branch of the dungeon, and saw 4 of its levels.

You collected 199 gold pieces.
You spent 70 gold pieces at shops.

Inventory:

Hand Weapons
 a - a +0 mace
 d - a +2 hand axe of flaming (weapon)
Missiles
 g - 14 poisoned darts (quivered)
 q - 5 boomerangs
 s - 3 javelins
Armour
 b - a +0 kite shield (worn)
 k - a +0 scale mail (worn)
 m - a +0 cloak (worn)
Wands
 l - a wand of digging (1)
Scrolls
 c - a scroll of noise {unknown}
 e - 2 scrolls of amnesia {unknown}
 f - a scroll of holy word {unknown}
 j - a scroll of identify {unknown}
Potions
 h - 2 potions of degeneration {unknown}
 i - 2 potions of berserk rage {unknown}
 n - 2 potions of heal wounds
 o - a potion of attraction {unknown}
 p - a potion of mutation {unknown}
 r - a potion of invisibility {unknown}


   Skills:
 - Level 4.1 Fighting
 * Level 4.1(4.9) Axes
 + Level 4.4(5.3) Maces & Flails
 + Level 0.3 Throwing
 - Level 2.4 Armour
 - Level 1.6 Dodging
 + Level 1.8 Shields


You had 5 spell levels left.
You didn't know any spells.
Your spell library was empty.

Dungeon Overview and Level Annotations

Branches:
Dungeon (4/15)
 Temple: D:4-7

Altars:
Hepliaklqana
Kikubaaqudgha
Sif Muna
Wu Jian
Yredelemnul
The Shining One

Shops:
D:3 [!(!


Innate Abilities, Weirdness & Mutations

You are immune to sickness and miasma.
Your stone body is resilient. (AC +4)
You are immune to poison.
You resist negative energy. (rN+)
You are resistant to electric shocks. (rElec)
You are resistant to unholy torment.
You are immune to petrification.


Message History

The kobold hits you but does no damage.
You closely miss the kobold.
The kobold is severely wounded.
The kobold hits you but does no damage.
Your scale mail prevents you from hitting the kobold.
The kobold is severely wounded.
The kobold hits you with a +0 whip. The kobold hits you but does no damage.
Your shield prevents you from hitting the kobold.
The kobold is severely wounded.
You block the kobold's attack.
You closely miss the kobold.
The kobold is severely wounded.
You block the kobold's attack.
You closely miss the kobold.
The kobold is severely wounded.
You block the kobold's attack. The kobold hits you but does no damage.
You slash the kobold! You burn the kobold.
You kill the kobold!
Trog accepts your kill. You block the goblin's attack.
You hit the goblin. You burn the goblin.
The goblin is heavily wounded.
You block the goblin's attack.
You barely miss the goblin.
The goblin is heavily wounded.
The goblin hits you but does no damage.
You hit the goblin. You burn the goblin.
You kill the goblin!
Trog accepts your kill.
The ogre hits you with a +0 giant spiked club!!
Ouch! That really hurt!
A red film seems to cover your vision as you go berserk!
You feel yourself moving faster!
You feel mighty!
You barely miss the ogre.
The ogre hits you with a +0 giant spiked club!
* * * LOW HITPOINT WARNING * * *
You hit the ogre. You burn the ogre.
The ogre is moderately wounded.
The ogre hits you with a +0 giant spiked club!
You die...

#$#O......#
#####
#..........
....#
.._..8....
###.##########
......... #
#............
#....._..
###.########
#.###........
....#
#..Z........(
#.###
###O##.....##
#.####### #@#
######
........# #.#
#.#####.# #.#
#.#
#.########.#
#.#
#..........#
..#
############
###


You could see an ogre and a quokka skeleton.

Vanquished Creatures
  A hound (D:3)
  An orc priest (D:3)
  Crazy Yiuf (D:2)
  Terence (D:2)
  2 orc wizards
  4 gnolls (D:4)
  7 adders
  4 worms
  6 dart slugs
  12 orcs
  3 ball pythons
  4 bats
  8 endoplasms
  3 giant cockroaches
  6 hobgoblins
  8 jackals
  2 quokkas (D:1)
  2 frilled lizards
  7 goblins
  5 kobolds
  4 rats
91 creatures vanquished.

Vanquished Creatures (others)
  An orc wizard (D:3)
  9 plants (D:2)
10 creatures vanquished.

Grand Total: 101 creatures vanquished

Notes
Turn   | Place    | Note
-------+----------+-------------------------------------------
     0 | D:1      | Caerun the Gargoyle Berserker began the quest for the Orb.
     0 | D:1      | Reached XP level 1. HP: 14/14 MP: 1/1
   360 | D:1      | Reached XP level 2. HP: 15/19 MP: 2/2
   994 | D:1      | Reached XP level 3. HP: 19/24 MP: 3/3
  1514 | D:1      | Found a faded altar of an unknown god.
  1793 | D:2      | Found a runed translucent door.
  1794 | D:2      | Noticed Crazy Yiuf
  2089 | D:2      | Reached skill level 1 in Axes
  2089 | D:2      | Reached XP level 4. HP: 27/29 MP: 4/4
  2307 | D:2      | Reached ** piety under Trog
  2529 | D:2      | Noticed Terence
  2538 | D:2      | Killed Terence
  2827 | D:2      | Found a basalt altar of Yredelemnul.
  3017 | D:2      | Killed Crazy Yiuf
  3018 | D:2      | Reached XP level 5. HP: 33/33 MP: 5/5
  3164 | D:3      | Found Dot Musch's Distillery.
  3167 | D:3      | Bought a potion of heal wounds for 70 gold pieces
  3484 | D:3      | Reached skill level 1 in Shields
  3627 | D:3      | Found Metzyatu's Distillery.
  3663 | D:3      | Found Ebucycw's Antique Armour Shoppe.
  3677 | D:3      | Found Beyryu's Antique Weapon Shop.
  4000 | D:3      | Reached XP level 6. HP: 16/38 MP: 6/6
  4388 | D:3      | Found an ancient bone altar of Kikubaaqudgha.
  4389 | D:3      | Found a hazy altar of Hepliaklqana.
  4856 | D:4      | Found an ornate altar of the Wu Jian Council.
  4857 | D:4      | Found a glowing golden altar of the Shining One.
  4857 | D:4      | Found a shimmering blue altar of Sif Muna.
  4881 | D:4      | Slain by an ogre

Illustrated notes

Levels and vault maps discovered:
D:1:      dpeg_arrival_snail, layout_basic, serial_aquarium,
          aquarium_bridge_square [aquarium_subvault_wall,
          aquarium_subvault_bridge, aquarium_subvault_window,
          aquarium_subvault_wall], aquarium_window_1,
          aquarium_window_corridor_1, aquarium_window_fake,
          aquarium_window_fake, aquarium_view_2e, aquarium_view_2a,
          shapermc_ecumenical_altar_hornbeckon
D:2:      wad_lake_hut, layout_basic, basic_altar, solitary_fountain,
          uniq_crazy_yiuf_cottage, uniq_terence
D:3:      layout_basic, chequers_temple_overflow_statue_of_worship,
          serial_shops, shop, nicolae_shop_trees, nicolae_shop_hallway_plus,
          nicolae_shop_crystal
D:4:      layout_loops_ring, nicolae_ru_sacrificial_ziggurat,
          grunt_temple_overflow_open, serial_bayou_pond_e

Skill      XL: |  1  2  3  4  5  6 |
---------------+-------------------+-----
Fighting       | 4 |  4.1
Axes           | 1 2 3 4 |  4.1
Maces & Flails | 4 |  4.4
Shields        | 1 |  1.8
Throwing       | |  0.3
Armour         | |  2.4
Dodging        | |  1.6

Action                   |  1- 3 |  4- 6 || total
-------------------------+-------+-------++-------
Melee: Mace              |    65 |       ||    65
       Hand axe          |    36 |   188 ||   224
Throw: Dart              |     3 |     9 ||    12
Invok: Berserk           |       |     3 ||     3
       Trog's Hand       |       |     3 ||     3
Armor: Animal skin       |    24 |       ||    24
       Leather armour    |    19 |    13 ||    32
       Scale mail        |       |    71 ||    71
Dodge: Dodged            |    60 |    55 ||   115
Block: Kite shield       |    14 |    67 ||    81

Table legend: (Time is in decaauts)
 A = Elapsed time spent in this place.
 B = Non-inter-level travel time spent in this place.
 C = Inter-level travel time spent in this place.
 D = Time resting spent in this place.
 E = Time spent auto-exploring this place.
 F = Levels seen in this place.
 G = Mean time per level.
                   A        B        C        D        E       F      G
               +--------+--------+--------+--------+--------+-----+--------+
         Total |   5061 |   4927 |    134 |    312 |   3376 |   4 | 1265.2 |
       Dungeon |   5061 |   4927 |    134 |    312 |   3376 |   4 | 1265.2 |
               +--------+--------+--------+--------+--------+-----+--------+

Top non-repeatable levels by time:
     D:1: 1634 daAuts
     D:2: 1627 daAuts
     D:3: 1499 daAuts
     D:4: 300 daAuts
